 Dungeon Crawl Stone Soup version 0.28.0 (webtiles) character file.

Game seed: 8713582453045624028

170 Strat the Ruffian (level 5, -2/48 HPs)
             Began as a Troll Hunter on Feb 12, 2022.
             Slain by a water moccasin (7 damage)
             ... on level 3 of the Dungeon.
             The game lasted 00:03:58 (1203 turns).

Strat the Ruffian (Troll Hunter)                    Turns: 1203, Time: 00:03:59

Health: -2/48      AC:  4    Str: 22    XL:     5   Next: 26%
Magic:  4/4        EV:  9    Int:  7    God:
Gold:   49         SH:  0    Dex: 10    Spells: 4/4 levels left

rFire   . . .      SeeInvis .     - Unarmed
rCold   . . .      Faith    .   (no shield)
rNeg    . . .      Spirit   .   b - +0 robe
rPois   .          Reflect  .   (helmet restricted)
rElec   .          Harm     .   (no cloak)
rCorr   .          Rampage  .   (gloves unavailable)
Will    .....                   (boots unavailable)
Stlth   +.........              (no amulet)
HPRegen 0.96/turn               (no ring)
MPRegen 0.09/turn               (no ring)

@: lethally poisoned (-2 -> -3)
A: large, unfitting armour, claws 3, regeneration 1, shaggy fur 1, tough skin 1
a: no special abilities


You were on level 3 of the Dungeon.
You visited 1 branch of the dungeon, and saw 4 of its levels.

You collected 49 gold pieces.

Inventory:

Missiles
 a - 42 stones (quivered)
 c - 5 large rocks
 e - 4 poisoned darts
Armour
 b - a +0 robe (worn)
Wands
 k - a wand of digging (3)
Scrolls
 f - a scroll of teleportation {unknown}
 g - 2 scrolls of enchant weapon {unknown}
 l - a scroll of identify {unknown}
 o - a scroll of summoning {unknown}
Potions
 h - a potion of lignification {unknown}
 i - a potion of mutation {unknown}
 j - a potion of heal wounds
 m - a potion of curing {unknown}
 n - 2 potions of might {unknown}


   Skills:
 - Level 1.5 Fighting
 - Level 3.6 Throwing
 - Level 1.5 Dodging
 - Level 0.3 Stealth
 + Level 5.0 Unarmed Combat


You had 4 spell levels left.
You didn't know any spells.
Your spell library was empty.

Dungeon Overview and Level Annotations

Branches:
Dungeon (4/15)
 Temple: D:4-7

Altars:
Xom

Shops:
D:2 [   D:3 (

Annotations:
D:4 Grinder


Innate Abilities, Weirdness & Mutations

You are too large for most types of armour.
You have claws for hands.
Your natural rate of healing is unusually fast.
You are covered in fur. (AC +1)
You have tough skin. (AC +1)


Message History

You throw a throwing net. The throwing net hits Grinder.
Grinder is caught in the net!
Grinder is severely wounded.
Grinder blinks!
You see here a throwing net.
A water moccasin comes into view.
The water moccasin hisses angrily.
Grinder gestures at you. Pain shoots through your body!
* * * LOW HITPOINT WARNING * * *
Grinder says, "FISH!"
Grinder blinks!
There is a stone staircase leading up here.
The water moccasin bites you!
* * * LOW HITPOINT WARNING * * *
The water moccasin bites you.
* * * LOW HITPOINT WARNING * * *
You are poisoned.
The water moccasin poisons you!
You climb upwards.
You feel very sick.
There is a stone staircase leading down here.
Throw: throwing net
Press: ? - help, Q - select action, (/) - cycle Shift-Dir - straight line, f - water moccasin
Aim: a water moccasin (35% to hit)
You throw a throwing net.
The throwing net misses the water moccasin.
You feel sick.
The water moccasin bites you but does no damage.
You scratch the water moccasin.
The water moccasin is lightly wounded.
You feel sick. The water moccasin bites you.
* * * LOW HITPOINT WARNING * * *
You completely miss the water moccasin.
The water moccasin is lightly wounded.
The water moccasin barely misses you. x2
You closely miss the water moccasin.
The water moccasin is lightly wounded.
You feel sick. The water moccasin bites you!
You die...

#.# .#### #########.#
....####.........###
#
#.#...<............#
.# #
######.#########.##.#
#.# #....# #.# #.<###
#.# ###..###.# #.#
#@S.....(# #.#
#.#..##### #.# #.#..#
#.#..# #.#..# ####
###.##....# #..
........#.# ####.###
#.....#.#.#
.......####.#.#.#.#^#


You could see a water moccasin.

Vanquished Creatures
  A phantom (D:3)
  Ijyb (D:3)
  2 adders (D:2)
  2 worms
  A dart slug (D:1)
  8 ball pythons
  2 bats (D:2)
  2 endoplasms
  8 hobgoblins
  3 jackals (D:3)
  A quokka (D:2)
  6 frilled lizards
  4 goblins
  6 rats
47 creatures vanquished.

Notes
Turn   | Place    | Note
-------+----------+-------------------------------------------
     0 | D:1      | Strat the Troll Hunter began the quest for the Orb.
     0 | D:1      | Reached XP level 1. HP: 19/19 MP: 0/0
   147 | D:1      | Reached skill level 1 in Unarmed Combat
   211 | D:1      | Reached XP level 2. HP: 25/27 MP: 1/1
   248 | D:1      | Reached skill level 2 in Unarmed Combat
   466 | D:2      | Reached XP level 3. HP: 26/33 MP: 2/2
   505 | D:2      | Found Xuss's Armour Shop.
   513 | D:2      | Reached skill level 3 in Unarmed Combat
   549 | D:2      | Found a faded altar of an unknown god.
   722 | D:3      | Noticed a +0 dagger
   722 | D:3      | Noticed a +0 short sword
   739 | D:3      | Noticed Ijyb
   753 | D:3      | Killed Ijyb
   754 | D:3      | Reached XP level 4. HP: 39/41 MP: 3/3
   784 | D:3      | Found Sufughe's Weapon Boutique.
   854 | D:3      | Noticed a +0 spear
   855 | D:3      | Noticed a +0 dagger
   855 | D:3      | Noticed a +0 falchion
   857 | D:3      | Noticed a +0 spear
   857 | D:3      | Noticed a +0 short sword
   857 | D:3      | Noticed a +0 falchion
   887 | D:3      | Reached skill level 4 in Unarmed Combat
   991 | D:3      | Found a shimmering altar of Xom.
   998 | D:3      | Noticed a phantom
  1009 | D:3      | Killed a phantom
  1010 | D:3      | Reached skill level 5 in Unarmed Combat
  1010 | D:3      | Reached XP level 5. HP: 48/48 MP: 4/4
  1158 | D:4      | Noticed Grinder
  1164 | D:4      | Paralysed by Grinder for 5 turns
  1175 | D:4      | Paralysed by Grinder for 3 turns
  1186 | D:4      | Noticed a water moccasin
  1203 | D:3      | Slain by a water moccasin

Illustrated notes

Levels and vault maps discovered:
D:1:      dpeg_arrival_rooms_a, layout_loops_cross, minmay_fountain_box
D:2:      layout_basic, shapermc_ecumenical_altar_petra, serial_shops,
          nicolae_shop_temple_entry_statues_fountains, hangedman_decor_push,
          minmay_misc_feat_pillars, minmay_misc_feat_columns
D:3:      layout_loops_ring, mainiacjoe_overflow_concentric_impassable,
          nicolae_uskayaw_en_pointe, serial_shops, shop, uniq_ijyb
D:4:      layout_loops_ring, nicolae_wu_jian_immortal_techniques,
          kennysheep_generic_room_13, uniq_robin, uniq_menkaure, uniq_grinder

Skill      XL: |  1  2  3  4 |
---------------+-------------+-----
Unarmed Combat | 1 2 3 5 |  5.0
Fighting       | |  1.5
Throwing       | |  3.6
Dodging        | |  1.5
Stealth        | |  0.3

Action                   |  1- 3 |  4- 6 || total
-------------------------+-------+-------++-------
Melee: Unarmed           |    97 |    48 ||   145
       Punch             |     1 |     2 ||     3
Throw: Throwing net      |       |     2 ||     2
 Stab: Sleeping          |       |     1 ||     1
Armor: Robe              |    29 |    11 ||    40
Dodge: Dodged            |    34 |    18 ||    52
